 Dungeon Crawl Stone Soup version 0.21.1-1-g345015fe64 (webtiles) character file.

187 Faustar the Cudgeler (level 5, -1/41 HPs)
             Began as a Demonspawn Monk on Feb 18, 2018.
             Slain by a gnoll sergeant
             ... wielding a +2 spear of freezing
              (10 damage)
             ... on level 3 of the Dungeon.
             The game lasted 00:03:58 (3454 turns).

Faustar the Cudgeler (Demonspawn Monk)              Turns: 3454, Time: 00:03:58

Health: -1/41      AC:  3    Str: 12    XL:     5   Next: 39%
Magic:  5/5        EV: 13    Int: 12    God:
Gold:   122        SH:  0    Dex: 15    Spells: 4/4 levels left

rFire    + . .     SeeInvis .   o - -3 flail (curse)
rCold    . . .     Gourm    .   (no shield)
rNeg     . . .     Faith    .   b - +1 robe
rPois    .         Spirit   .   (no helmet)
rElec    .         Reflect  .   (no cloak)
rCorr    .         Harm     .   (no gloves)
MR       .....                  (no boots)
Stlth    ++........             (no amulet)
HPRegen  0.13/turn              (no ring)
MPRegen  0.09/turn              (no ring)

@: no status effects
A: fire resistance 1, spiny 1
a: no special abilities


You were on level 3 of the Dungeon.
You were not hungry.

You visited 1 branch of the dungeon, and saw 4 of its levels.

You collected 122 gold pieces.

Inventory:

Hand Weapons
 a - a +0 mace
 o - a cursed -3 flail (weapon)
 q - a +1 mace of protection
Armour
 b - a +1 robe (worn)
 g - a +0 buckler
Scrolls
 h - a scroll of amnesia
 i - a scroll of enchant armour
 l - 3 scrolls of identify
Potions
 e - a potion of invisibility
 f - 3 potions of degeneration
 k - 2 potions of haste
 n - a potion of resistance {unknown}
 p - a potion of curing {unknown}
Books
 m - a book of Minor Magic

   Spells                             Type                      Level
   a - Magic Dart                     Conjuration                  1
   b - Blink                          Translocation                2
   c - Call Imp                       Summoning                    2
   d - Slow                           Hexes                        2
   e - Conjure Flame                  Conjuration/Fire             3
   f - Mephitic Cloud                 Conjuration/Poison/Air       3
Comestibles
 c - 4 rations


   Skills:
 - Level 3.0 Fighting
 + Level 5.6 Maces & Flails
 - Level 2.6 Dodging
 - Level 1.7 Stealth


You had 4 spell levels left.
You didn't know any spells.

Dungeon Overview and Level Annotations

Branches:
Dungeon (4/15)
 Temple: D:4-7

Altars:
Makhleb
Nemelex Xobeh


Innate Abilities, Weirdness & Mutations

Your flesh is heat resistant. (rF+)
You are partially covered in sharp spines.


Message History

The gnoll hits you with a flail!
The gnoll shouts!
You climb upwards.
There is a stone staircase leading down here.
You closely miss the gnoll sergeant.
The gnoll sergeant hits you with a spear of freezing.
The gnoll sergeant freezes you. The gnoll barely misses you.
You hit the gnoll sergeant.
The gnoll sergeant is lightly wounded.
The gnoll sergeant hits you with a spear of freezing!
* * * LOW HITPOINT WARNING * * *
The gnoll sergeant freezes you.
* * * LOW HITPOINT WARNING * * *
The gnoll closely misses you.
As you read the scroll of fear, it crumbles to dust.
You assume a fearsome visage.
The gnoll looks frightened!
The gnoll sergeant looks frightened!
The gnoll sergeant seems to regain its courage.
The gnoll sergeant hits you with a spear of freezing!
You die...

#.#####.######............# #.#
#.# #.[..........# #.# #.#
#............# #.#
#.######............####### #.#
#......'...................
#.########.###............####.##
#.##...# #.# #.....<......####.#
#.##...###.# ###.##.#.####.....#
#.#......#.#####@#..#.####.....#
#.........>......g......##.....#
###...................#.##.)[..#
# #.......##............##.....##
####...##.#.........)............
...#...##.#.............##.....##
...#...##.##............##.....#
...#...##...........###..#.....##
...#...###########.....#.#####...


You could see a gnoll sergeant.

Vanquished Creatures
  A hound (D:3)
  Natasha (twice) (D:3)
  2 adders (D:2)
  2 worms (D:2)
  7 dart slugs
  3 leopard geckos
  5 orcs (D:3)
  5 bats
  4 giant cockroaches
  9 goblins
  4 hobgoblins
  2 jackals (D:1)
  4 kobolds
  A quokka (D:2)
  A ball python (D:3)
  7 frilled lizards
  6 rats
65 creatures vanquished.

Notes
Turn   | Place    | Note
-------+----------+-------------------------------------------
     0 | D:1      | Faustar the Demonspawn Monk began the quest for the Orb.
     0 | D:1      | Reached XP level 1. HP: 18/18 MP: 1/1
   144 | D:1      | Reached skill level 3 in Maces & Flails
   173 | D:1      | Gained mutation: You are partially covered in sharp spines. [demonic ancestry]
   173 | D:1      | Reached XP level 2. HP: 24/24 MP: 2/2
   497 | D:1      | Reached XP level 3. HP: 19/29 MP: 3/3
   737 | D:1      | Reached skill level 4 in Maces & Flails
  1411 | D:2      | Gained mutation: Your flesh is heat resistant. (rF+) [demonic ancestry]
  1411 | D:2      | Reached XP level 4. HP: 16/35 MP: 4/4
  2549 | D:3      | Found a sparkling altar of Nemelex Xobeh.
  2556 | D:3      | Found a burning altar of Makhleb.
  2563 | D:3      | Reached skill level 5 in Maces & Flails
  2784 | D:3      | Noticed Natasha
  2826 | D:3      | Killed Natasha
  2826 | D:3      | Reached XP level 5. HP: 12/41 MP: 5/5
  3302 | D:3      | Noticed Natasha
  3333 | D:3      | Killed Natasha
  3454 | D:3      | Slain by a gnoll sergeant

Skill      XL: |  1  2  3  4 |
---------------+-------------+-----
Maces & Flails | 3 4 5 |  5.6
Fighting       | |  3.0
Dodging        | |  2.6
Stealth        | |  1.7

Action                   |  1- 3 |  4- 6 || total
-------------------------+-------+-------++-------
Melee: Mace              |    95 |    49 ||   144
       Flail             |       |    11 ||    11
  Use: Scroll            |       |    10 ||    10
 Stab: Sleeping          |     5 |     2 ||     7
       Distracted        |     1 |     1 ||     2
  Eat: Chunk             |     1 |     7 ||     8
Armor: Robe              |     3 |    14 ||    17
Dodge: Dodged            |    56 |    31 ||    87
